 Dungeon Crawl Stone Soup version 0.31-a0-625-gc9c7e45f3f (webtiles) character file.

Game seed: 8082290862880574697

95 AdnanSaban the Covered (level 4, 0/29 HPs)
             Began as a Gargoyle Fighter on Aug 24, 2023.
             Slain by an orc
             ... wielding a +0 dagger
              (1 damage)
             ... on level 3 of the Dungeon.
             The game lasted 00:02:39 (1575 turns).

AdnanSaban the Covered (Gargoyle Fighter)           Turns: 1575, Time: 00:02:40

Health: 0/29       AC: 10    Str: 21    XL:     4   Next: 66%
Magic:  4/4        EV:  9    Int:  9    God:
Gold:   119        SH:  4    Dex:  9    Spells: 3/3 levels left

rFire   . . .        a - +0 flail
rCold   . . .        c - +0 buckler
rNeg    + . .        b - +0 scale mail
rPois   ∞            (no helmet)
rElec   +            (no cloak)
rCorr   .            (no gloves)
SInv    .            (no boots)
Will    .....        (no amulet) Stlth
                     (no ring)
HPRegen 0.24/turn    (no ring)
MPRegen 0.09/turn

%: no passive effects
@: no status effects
A: sickness immunity, AC +3, negative energy resistance 1, electricity
resistance, torment resistance 1, petrification resistance
a: no special abilities


You were on level 3 of the Dungeon.
You visited 1 branch of the dungeon, and saw 3 of its levels.

You collected 119 gold pieces.

Inventory:

Hand Weapons
 a - a +0 flail (weapon)
Missiles
 m - 2 poisoned darts (quivered)
 o - 2 boomerangs
 q - 4 javelins
Armour
 b - a +0 scale mail (worn)
 c - a +0 buckler (worn)
Jewellery
 f - a ring of see invisible
Scrolls
 h - a scroll of blinking {unknown}
 l - a scroll of poison {unknown}
 n - 2 scrolls of teleportation {unknown}
 p - a scroll of silence {unknown}
 r - a scroll of torment {unknown}
 s - a scroll of noise {unknown}
Potions
 d - a potion of might
 e - a potion of heal wounds {unknown}
 g - a potion of haste {unknown}
 i - a potion of ambrosia {unknown}
 j - a potion of degeneration {unknown}
 k - 2 potions of brilliance {unknown}


   Skills:
 + Level 3.7 Fighting
 + Level 3.5 Maces & Flails
 + Level 3.9 Armour
 + Level 0.3 Dodging
 + Level 3.6 Shields


You had 3 spell levels left.
You didn't know any spells.
Your spell library contained the following spells:

 Spells                   Type           Power      Damage    Failure   Level
 Dazzling Flash           Conj/Hex       0%         N/A       99%         3
 Volatile Blastmotes      Fire/Tloc      0%         2d10      99%         3
 Starburst                Conj/Fire      0%         6d3       100%        6
 Maxwell's Capacitive Co  Air            0%         ∞         100%        8


Dungeon Overview and Level Annotations

Branches:
Dungeon (3/15)

Altars:

Shops:
D:2 [


Innate Abilities, Weirdness & Mutations

You are immune to sickness and miasma.
Your stone body is resilient. (AC +3)
You are immune to poison.
You resist negative energy. (rN+)
You are resistant to electric shocks. (rElec)
You are resistant to unholy torment.
You are immune to petrification.


Message History

You are too confused!
There are monsters nearby!
You are too confused!
There are monsters nearby!
You are too confused!
There are monsters nearby!
You are too confused!
You barely miss something. Something hits you.
A kobold comes into view. It is wielding a +0 club.
The kobold shouts!
You hear some strange, mumbled words.
Something tries to affect you, but you resist.
Something hits you but does no damage.
You see here a scroll labelled RYTRUE EVIEHI.
You're too confused to move!
The kobold throws a stone.
The stone closely misses you. Something hits you.
You bump into the rock wall.
You bump into the rock wall.
You hear some strange, mumbled words.
You are more confused.
The kobold throws a stone.
The stone hits you but does no damage. The orc hits you with a +0 dagger.
You miss something. Something hits you. The orc barely misses you.
You bump into the rock wall.
The kobold throws a stone.
The stone hits you. The orc hits you but does no damage.
Something hits you but does no damage.
You bump into the rock wall.
Something hits you but does no damage. The orc hits you but does no damage.
You bump into the rock wall.
Something hits you but does no damage. The orc hits you but does no damage.
You bump into the rock wall.
The kobold closely misses you. Something hits you. The orc barely misses you.
You bump into the rock wall.
You feel less confused.
You hear some strange, mumbled words.
A magic dart appears from out of thin air!
The magic dart hits you!
* * * LOW HITPOINT WARNING * * *
The kobold hits you with a +0 club.
* * * LOW HITPOINT WARNING * * *
The orc hits you with a +0 dagger.
You die...

#.##.#...#.##†#.##.#.##
.#.##.#.#.##.#.##.#.###.
#.#.##.#.##.#.##.#.##...
##.#.##.##.#.##.#.###.#
##.#.###.#.##.#.##>..
##.#.#.#.##.#.##..#
##.#.#.##.#.##...#
##.#.##.#.##.K#
##.##.#.##{@##
###.#.##.o##
...#...##..#....o.
#........##......
########## ...... ......
######


You could see an orc and a kobold.

Vanquished Creatures
  2 adders (D:2)
  A gnoll (D:3)
  5 worms
  A dart slug (D:2)
  An orc (D:3)
  9 endoplasms
  A giant cockroach (D:1)
  3 hobgoblins
  3 quokkas (D:1)
  3 ball pythons
  5 bats
  6 frilled lizards
  5 goblins
  4 kobolds
  5 rats
54 creatures vanquished.

Notes
Turn   | Place    | Note
-------+----------+-------------------------------------------
     0 | D:1      | AdnanSaban the Gargoyle Fighter began the quest for the
                  | Orb.
     0 | D:1      | Reached XP level 1. HP: 14/14 MP: 1/1
   117 | D:1      | Reached XP level 2. HP: 13/19 MP: 2/2
   508 | D:1      | Reached XP level 3. HP: 20/24 MP: 3/3
   654 | D:2      | Found Ynwy's Antique Armour Emporium.
   734 | D:2      | Found the +7 staff of the Meek {protect, meekguard}
   935 | D:2      | Reached XP level 4. HP: 21/29 MP: 4/4
  1575 | D:3      | HP: 1/29 [kobold/+0 club (1)]
  1575 | D:3      | Slain by an orc

Illustrated notes

Levels and vault maps discovered:
D:1:      minmay_arrival_checkered_box, layout_rooms
D:2:      kb_forest_paths, layout_rooms, serial_shops, shop, nicolae_wormholes
D:3:      minmay_inner_zag, layout_basic, kennysheep_flooded_box,
          minmay_misc_feat_four_crosses

Skill      XL: |  1  2  3 |
---------------+----------+-----
Maces & Flails | 3 |  3.5
Fighting       | |  3.7
Armour         | |  3.9
Dodging        | |  0.3
Shields        | |  3.6

Action                     |  1- 3 |  4- 6 || total
---------------------------+-------+-------++-------
  Melee: Flail             |   156 |    63 ||   219
  Throw: Dart              |       |     2 ||     2
 Armour: Scale mail        |    97 |    30 ||   127
  Dodge: Dodged            |    71 |    29 ||   100
  Block: Buckler           |    42 |    16 ||    58

Table legend: (Time is in decaauts)
 A = Elapsed time spent in this place.
 B = Non-inter-level travel time spent in this place.
 C = Inter-level travel time spent in this place.
 D = Time resting spent in this place.
 E = Time spent auto-exploring this place.
 F = Levels seen in this place.
 G = Mean time per level.
                   A        B        C        D        E       F      G
               +--------+--------+--------+--------+--------+-----+--------+
         Total |   1642 |   1607 |     35 |      0 |   1138 |   3 |  547.3 |
       Dungeon |   1642 |   1607 |     35 |      0 |   1138 |   3 |  547.3 |
               +--------+--------+--------+--------+--------+-----+--------+

Top non-repeatable levels by time:
     D:1: 673 daAuts
     D:2: 640 daAuts
     D:3: 328 daAuts
